Tangles, chaotic female sylph Rogue ------------- |.............| |.............| |....%).......| |.............| --.........-- -.--------- ## # ### I# # # ----|----- #######[# |........-#######-|------ |........| |<.....|# |........| |......-# ---------- .......| -------- Tangles the Pilferer Experience level: 10 Strength: 15 Dexterity: 19 Constitution: 15 Intelligence: 10 Wisdom: 14 Charisma: 7 Health: 0(72) Energy: 57(57) Def: 9 Gold: 555 Moves: 14487 Dungeon seed: 3qOhGZGJnqkgtJxm Game ID: Tangles_1465776923 Your Inventory: Coins $ - 555 gold pieces Amulets D - a blessed amulet of reflection (being worn) Weapons K - the rustproof +0 Valerian (weapon in hand) N - 5 +2 daggers named +2 (in quiver) Q - a +0 silver saber (alternate weapon; not wielded) Armor Y - a blessed rotted +1 dwarvish cloak (being worn) Comestibles b - an uncursed melon o - a cursed partly eaten food ration P - an uncursed fortune cookie S - an uncursed tin of acid blob T - 6 uncursed lumps of royal jelly V - an uncursed lizard corpse named The Lizard of.. you know. Z - 2 uncursed oranges Scrolls e - a cursed scroll of blank paper i - an uncursed scroll of stinking cloud Potions g - an uncursed potion of gain ability k - a cursed potion of booze Rings I - an uncursed ring of levitation Wands c - a wand of digging (0:8) f - a wand of sleep (0:4) m - a wand of nothing (0:4) t - a wand of create monster (0:13) w - a wand of digging (0:6) H - a wand of lightning (0:7) O - a wand of striking (0:3) U - a cursed wand of death (0:5) Tools a - an uncursed magic whistle d - a +0 unicorn horn h - an uncursed partly used wax candle (0:361) l - an uncursed skeleton key n - an uncursed blindfold E - a frost horn (0:5) F - a blessed bag of holding named PROPERTY OF TANGLES! R - an uncursed wooden harp Gems q - an uncursed worthless piece of yellow glass J - a blessed luckstone Contents of the bag of holding named PROPERTY OF TANGLES!: 8040 gold pieces an uncursed amulet of magical breathing a cursed amulet of strangulation 5 blessed +0 daggers 8 +0 daggers 2 uncursed apples an uncursed banana an uncursed clove of garlic an uncursed cream pie 3 uncursed eggs 9 uncursed food rations 4 uncursed lembas wafers an uncursed lichen corpse an uncursed lizard corpse an uncursed pancake 3 uncursed sprigs of wolfsbane an uncursed tin of cave spider meat an uncursed tin of iguana meat 7 uncursed tripe rations an uncursed scroll of charging a blessed scroll of create monster 2 uncursed scrolls of destroy armor 3 uncursed scrolls of earth an uncursed scroll of enchant armor an uncursed scroll of enchant weapon 3 uncursed scrolls of fire an uncursed scroll of food detection a cursed scroll of food detection a cursed scroll of gold detection 5 uncursed scrolls of identify 3 uncursed scrolls of light a cursed scroll of light a blessed scroll of remove curse an uncursed scroll of remove curse an uncursed scroll of scare monster an uncursed scroll of taming 4 uncursed scrolls of teleportation an uncursed scroll of water a blessed potion of blindness an uncursed potion of blindness a blessed potion of extra healing an uncursed potion of extra healing a cursed potion of fruit juice 2 uncursed potions of full healing an uncursed potion of gain energy a blessed potion of healing 3 uncursed potions of healing a cursed potion of healing a cursed potion of invisibility 2 uncursed potions of levitation a blessed potion of monster detection an uncursed potion of monster detection an uncursed potion of oil an uncursed potion of paralysis an uncursed potion of see invisible a blessed potion of sickness a cursed potion of speed 11 uncursed potions of water an uncursed ring of cold resistance an uncursed ring of conflict an uncursed ring of regeneration an uncursed ring of regeneration an uncursed ring of teleport control a wand of digging (0:7) a wand of light (0:11) a wand of opening (0:3) a wand of speed monster (0:3) a cursed wand of speed monster (0:1) an uncursed figurine of a raven a magic marker (0:85) an uncursed oil lamp (0:1324) a +0 pick-axe 8 uncursed tallow candles (0:200) a +0 unicorn horn 2 uncursed agate stones an uncursed amethyst stone an uncursed jade stone an uncursed worthless piece of green glass an uncursed worthless piece of yellow glass Spells and supernatural/magical abilities: Name Level Category Fail Memory n - detect monsters 1 divination 48% 59% H - haste self 3 escape 100% 75% W - pray for help -- divine ? -- Your skills at the end: Miscellaneous Skills two weapon combat [Basic] wands [Basic] Weapon Skills dagger [Expert] short sword [Basic] saber [Skilled] Spellcasting Skills healing spells [Basic] Final Attributes: You were piously aligned. You were sleep resistant. You were poison resistant. You saw invisible. You were telepathic. You had automatic searching. You had infravision. You were stealthy. You were protected. You were protected from shape changers. You were fast. You had reflection. You were very lucky. You had extra luck. Good luck did not time out for you. You are dead. Vanquished creatures: a queen bee 2 giant mimics a large mimic a giant zombie 2 freezing spheres a shocking sphere a tengu 2 chameleons a crocodile a human mummy an ettin zombie 3 leather golems 2 giant beetles a wolf 2 lynxes 9 leprechauns a quivering blob 3 lizards a mountain nymph an orc-captain 2 giant spiders 2 iron piercers an ice vortex a vampire bat 3 gnome kings an orc mummy an ogre 2 brown puddings an owlbear a chickatrice a dog a housecat 4 dwarf lords 2 blue jellies 2 water nymphs 2 gray unicorns 2 dust vortices a raven 2 plains centaurs a snake 4 apes a human zombie a rope golem a Woodland-elf 2 soldier ants 4 bugbears 3 wood nymphs an orc shaman 2 rock piercers 2 ponies a fog cloud 2 yellow lights 3 shriekers 2 violet fungi 17 gnome lords 9 gnomish wizards 2 kobold mummies 2 guardian naga hatchlings 2 gray oozes a ghoul a straw golem 9 giant ants 2 floating eyes 3 kittens 20 dwarves 2 kobold lords a kobold shaman 5 iguanas 4 hill orcs 4 rothes 2 rabid rats 4 centipedes 3 giant bats 7 monkeys 10 orc zombies 2 dwarf zombies a wererat a werejackal 22 killer bees 4 coyotes 2 gas spores 7 hobbits 2 acid blobs 2 large kobolds 11 geckos 8 hobgoblins 5 giant rats 2 cave spiders 6 brown molds 3 yellow molds 2 green molds a red mold 72 gnomes 17 garter snakes 2 manes 3 gnome zombies 10 jackals 4 foxes 2 kobolds 9 newts 2 goblins 8 sewer rats 7 grid bugs 2 bats 8 lichens a kobold zombie 437 creatures vanquished. Voluntary challenges: You had followed a strict vegan diet until turn 4046. You had followed a strict vegetarian diet until turn 13098. You used a wielded weapon 706 times, starting on turn 14. You read items or engraved 27 times, starting on turn 487. You never genocided any monsters. You never polymorphed an object. You never changed form. You completed Sokoban on turn 12268, according to the rules. You used no wishes. You split 1 pudding, starting on turn 10694. You wrote Elbereth's name 16 times, starting on turn 1838. You violated your moral code, losing 2 points of alignment, starting on turn 946. Dungeon overview: The Dungeons of Doom: levels 1 to 14 Level 1 some fountains a long staircase Level 2 Level 3 a scroll shop, a fountain Level 4 stairs to The Gnomish Mines Level 5 a general store, an altar to Kos, a fountain Level 6 Level 7 many fountains Level 8 stairs to Sokoban Level 9 Level 10 a fountain, a sink Level 11 a potion shop Level 12 a fountain Level 13 portal to The Quest Level 14 <- You were here The Gnomish Mines: levels 5 to 13 Level 5 stairs to The Dungeons of Doom Level 6 Level 7 many shops, a temple to Issek, a magic chest, some fountains, a sink Level 8 Level 9 Level 10 Level 11 Level 12 Level 13 a magic chest, a fountain The Quest: Level 1 portal to The Dungeons of Doom Sokoban: levels 4 to 7 Level 4 a magic chest Level 5 Level 6 a fountain Level 7 a magic chest stairs to The Dungeons of Doom History has recorded: On T:1 you entered the Dungeons of Doom to retrieve the Amulet of Yendor! On T:86 you reached level 2 of The Dungeons of Doom. On T:285 you reached level 3 of The Dungeons of Doom. On T:391 you reached level 4 of The Dungeons of Doom. On T:1037 you reached level 5 of The Dungeons of Doom. On T:1074 you advanced to experience level 2. On T:1292 you reached level 1 of The Gnomish Mines. On T:1355 you reached level 2 of The Gnomish Mines. On T:1367 you advanced to experience level 3. On T:1508 you advanced to experience level 4. On T:1700 you advanced to experience level 5. On T:1748 you reached level 3 of The Gnomish Mines. On T:1973 you entered the Minetown temple On T:1978 you advanced to experience level 6. On T:2086 you opened a magic chest. On T:2215 you opened a magic chest. On T:2311 you opened a magic chest. On T:2332 you opened a magic chest. On T:2955 you opened a magic chest. On T:3066 you opened a magic chest. On T:3200 you opened a magic chest. On T:3416 you opened a magic chest. On T:4092 you advanced to experience level 7. On T:4176 you reached level 4 of The Gnomish Mines. On T:4430 you reached level 5 of The Gnomish Mines. On T:4455 you reached level 6 of The Gnomish Mines. On T:5105 you reached level 7 of The Gnomish Mines. On T:5276 you reached level 8 of The Gnomish Mines. On T:5455 you advanced to experience level 8. On T:5930 you reached level 9 of The Gnomish Mines. On T:5930 you reached the bottom of the Mines. On T:6274 you opened a magic chest. On T:6277 you opened a magic chest. On T:6278 you opened a magic chest. On T:6297 you opened a magic chest. On T:6337 you opened a magic chest. On T:6338 you opened a magic chest. On T:7008 you opened a magic chest. On T:7767 you opened a magic chest. On T:7770 you opened a magic chest. On T:7771 you opened a magic chest. On T:7772 you opened a magic chest. On T:7773 you opened a magic chest. On T:7773 you opened a magic chest. On T:7776 you opened a magic chest. On T:7780 you opened a magic chest. On T:7781 you opened a magic chest. On T:7781 you opened a magic chest. On T:7785 you opened a magic chest. On T:8305 you reached level 6 of The Dungeons of Doom. On T:9231 you received Valerian from Kos. On T:9290 you reached level 7 of The Dungeons of Doom. On T:9734 you reached level 8 of The Dungeons of Doom. On T:9766 you reached level 4 of Sokoban. On T:9813 you opened a magic chest. On T:9813 you opened a magic chest. On T:9814 you opened a magic chest. On T:9850 you advanced to experience level 9. On T:10082 you reached level 3 of Sokoban. On T:10764 you reached level 2 of Sokoban. On T:11102 you reached level 1 of Sokoban. On T:12268 you advanced to experience level 10. On T:12268 you entered the Sokoban zoo. On T:12363 you opened a magic chest. On T:12563 you reached level 9 of The Dungeons of Doom. On T:12817 you reached level 10 of The Dungeons of Doom. On T:13385 you reached level 11 of The Dungeons of Doom. On T:13645 you reached level 12 of The Dungeons of Doom. On T:13997 you reached level 13 of The Dungeons of Doom. On T:14193 you reached level 14 of The Dungeons of Doom. On T:14237 you reached level 1 of The Quest. Score breakdown: Gold: 8595 ( 859 points) Experience: 10 levels ( 900 points) Exploration: 14 levels ( 390 points) Discoveries: 33 items ( 1650 points) Variety of kills: 106 monsters ( 2000 points) Major goal: Sokoban/Mines ( 1500 points) Survival: died (score multiplied by 3) Total score: 21897 Latest messages: The iguana misses the large cat. You hear some noises. The large cat bites the iguana. The iguana is killed! The kobold mummy scratches you! You stab the kobold mummy! The kobold mummy scratches you! You stab the kobold mummy. You destroy the kobold mummy! You see here a mummy wrapping. You displace your large dog. You displace your large cat. Your sweetly-scented blade puts the giant to sleep. You faint from lack of food. Something jabs you! (3x) You try to draw healing from your surroundings, but you are too weak. You come to. Blecch! Rotten food! The world spins and goes dark. Something jabs you! (2x) You die... Final status: Goodbye Tangles the Rogue, killed by a giant, while unconscious from rotten food... You died in The Dungeons of Doom on dungeon level 14 with 21897 points, and 8595 pieces of gold, after 14487 moves. You were level 10 with a maximum of 72 hit points when you died.